 Dungeon Crawl Stone Soup version 0.22-a0-3-g4fa69d9a97 (console) character file.

3453 Harunobu the Grappler (level 9, -13/84 HPs)
             Began as a Troll Monk on Jan 1, 2018.
             Mangled by a hornet (14 damage)
             ... on level 6 of the Dungeon.
             The game lasted 00:13:22 (5542 turns).

Harunobu the Grappler (Troll Monk)                  Turns: 5542, Time: 00:13:26

Health: -13/84     AC:  6    Str: 26    XL:     9   Next: 78%
Magic:  8/8        EV: 12    Int:  6    God:
Gold:   267        SH:  0    Dex: 13    Spells: 8/8 levels left

rFire    x . .     SeeInvis .     - Unarmed
rCold    . . .     Gourm    +   (no shield)
rNeg     + . .     Faith    .   a - +0 robe
rPois    .         Spirit   .   (helmet restricted)
rElec    +         Reflect  .   C - +0 cloak
rCorr    .         Harm     .   (gloves unavailable)
MR       .....                  (boots unavailable)
Stlth    ++........             (no amulet)
HPRegen  0.64/turn              w - ring "Jisiwkeg" {+Fly rElec rF- rN+ Str+3}
MPRegen  0.11/turn              (no ring)

@: lethally poisoned (-13 -> -19), flying, slowed, very slow
A: large, unfitting armour, claws 3, fast metabolism 3, gourmand, regeneration
1, shaggy fur 1, tough skin 2
a: no special abilities


You were on level 6 of the Dungeon.
You were completely stuffed.

You visited 1 branch of the dungeon, and saw 7 of its levels.
You also visited: Sewer.

You collected 267 gold pieces.

Inventory:

Hand Weapons
 c - a +1 mace of draining
 u - a +0 spear of freezing
 y - a +2 trident of flaming
Armour
 a - a +0 robe (worn)
 k - a +0 robe
 C - a +0 cloak (worn)
Jewellery
 w - the ring "Jisiwkeg" (left claw) {+Fly rElec rF- rN+ Str+3}
   (You found it on level 4 of the Dungeon)

   [ring of flight]

   It affects your strength (+3).
   It makes you vulnerable to fire.
   It insulates you from electricity.
   It protects you from negative energy.
   It lets you fly.
Wands
 o - a wand of acid (7)
 r - a wand of polymorph (10)
 t - a wand of iceblast (9)
 B - a wand of paralysis (11)
Scrolls
 d - a scroll of remove curse
 g - 9 scrolls of identify
 j - 10 scrolls of teleportation {unknown}
 m - a scroll of amnesia {unknown}
 n - a scroll of magic mapping {unknown}
 s - 2 scrolls of enchant weapon {unknown}
 v - 2 scrolls of fear {unknown}
 F - a scroll of silence {unknown}
 G - a scroll of random uselessness {unknown}
Potions
 e - 2 potions of haste {unknown}
 f - 3 potions of curing {unknown}
 h - a potion of heal wounds {unknown}
 i - a potion of lignification {unknown}
 l - 2 potions of brilliance {unknown}
 p - a potion of berserk rage {unknown}
 q - 10 potions of flight
 x - a potion of cancellation {unknown}
 z - a potion of agility {unknown}
 D - a potion of mutation {unknown}
 E - a potion of invisibility {unknown}
 H - a potion of ambrosia {unknown}
Comestibles
 b - 7 rations
 A - a chunk of flesh


   Skills:
 + Level 4.2 Fighting
 + Level 5.6 Dodging
 + Level 3.2 Stealth
 + Level 11.0 Unarmed Combat


You had 8 spell levels left.
You didn't know any spells.

Dungeon Overview and Level Annotations

Branches:
Dungeon (7/15)
 Temple: D:4-7

Altars:
Dithmenos
Elyvilon
Fedhas
Hepliaklqana
Nemelex Xobeh
Okawaru
Ru
Trog
Uskayaw
Vehumet
Yredelemnul
The Shining One

Shops:
D:4 (


Innate Abilities, Weirdness & Mutations

You are too large for most types of armour.
You have claws for hands.
Your metabolism is lightning-fast.
You like to eat raw meat.
Your natural rate of healing is unusually fast.
You are covered in fur. (AC +1)
You have very tough skin. (AC +2)


Message History

* * * LOW HITPOINT WARNING * * *
You feel very sick. The hornet barely misses you.
There is a stone staircase leading up, spattered with blood here.
* * * LOW HITPOINT WARNING * * *
You feel very sick. The hornet barely misses you.
The hornet closely misses you.
You climb upwards.
* * * LOW HITPOINT WARNING * * *
You feel very sick.
There is a stone staircase leading down here.
Wield which item (- for none, * to show all)? (? for menu, Esc to quit)
Okay, then.
It was a potion of flight.
You feel very buoyant.
You fly up into the air.
* * * LOW HITPOINT WARNING * * *
You feel very sick. The hornet stings you!
You die...

########..........# #.......#
......#.[...._....######.###.#.##
......#)#.........##.............
......#[#..#...#.....##.####.#.##
...........##.##....###.###....##
_.......##.......##.# #.##..#...#
.._....###.#.....##.###.##.###..#
.......# #.###.#.##..#..##.# ##..
8......# #.# #..@###...##..# ##.
.......###.# ##y.####..##.## #.
.._.#......# ##>.# ##.##.# #.
_...##..#..# #...####..#.# #.
..#####....####.#.......#.# ##
### #..#..#...#..####.#.# ##
#..##...###....##...######.
#######..##....##....##..##......
.........##.##.##..#.....##[.....


You could see a hornet.

Vanquished Creatures
  The ghost of Cheet4h the Carver, a novice DrBe of Trog (D:7)
  Joseph (D:7)
  The ghost of Libelnon the Firebug, a novice GrFE of Vehumet (D:6)
  Grinder (D:6)
  Sigmund (D:2)
  A hungry ghost (D:5)
  A water moccasin (D:7)
  An orc warrior (D:6)
  An ice beast (D:6)
  4 ogres
  A centaur (D:5)
  Blork the orc (D:6)
  A water moccasin zombie (D:6)
  3 scorpions
  4 wights (D:6)
  A crimson imp (D:5)
  A bullfrog skeleton (D:5)
  2 hounds
  4 orc wizards
  Crazy Yiuf (D:6)
  6 worker ants
  A hound zombie (D:5)
  A hound skeleton (D:4)
  A worker ant zombie (D:5)
  Robin (D:4)
  8 adders
  2 shadow imps (D:5)
  5 oozes
  An adder skeleton (D:4)
  4 worms
  2 dart slugs
  4 leopard geckos
  24 orcs
  2 ball pythons
  7 giant cockroaches
  16 goblins
  5 hobgoblins
  14 jackals
  2 quokkas
  17 bats
  8 frilled lizards
  8 kobolds
  A leopard gecko skeleton (D:5)
  2 leopard gecko zombies
  12 rats
186 creatures vanquished.

Notes
Turn   | Place    | Note
-------+----------+-------------------------------------------
     0 | D:1      | Harunobu the Troll Monk began the quest for the Orb.
     0 | D:1      | Reached XP level 1. HP: 22/22 MP: 0/0
   169 | D:1      | Reached XP level 2. HP: 27/29 MP: 1/1
   643 | D:1      | Reached XP level 3. HP: 36/36 MP: 2/2
   992 | D:2      | Noticed Sigmund
  1006 | D:2      | Killed Sigmund
  1006 | D:2      | Reached skill level 4 in Unarmed Combat
  1006 | D:2      | Reached XP level 4. HP: 11/45 MP: 3/3
  1006 | D:2      | Reached XP level 5. HP: 14/53 MP: 4/4
  1315 | D:2      | Reached skill level 5 in Unarmed Combat
  1642 | D:3      | Found a basalt altar of Yredelemnul.
  1692 | D:3      | Reached XP level 6. HP: 61/61 MP: 5/5
  1704 | D:3      | Noticed a hand axe
  1706 | D:3      | Found a hide-covered altar of Uskayaw.
  1708 | D:3      | Noticed a dagger
  1892 | D:3      | Found a faded altar of an unknown god.
  2036 | D:3      | Found a sparkling altar of Nemelex Xobeh.
  2130 | D:3      | Found a blossoming altar of Fedhas.
  2474 | D:4      | Noticed Robin
  2497 | D:4      | Killed Robin
  2832 | D:4      | Got a translucent brass ring
  2834 | D:4      | Identified the ring "Jisiwkeg" {+Fly rElec rF- rN+ Str+3} (You found it on level 4 of the Dungeon)
  2848 | D:4      | Found a white marble altar of Elyvilon.
  2868 | D:4      | Reached skill level 6 in Unarmed Combat
  2868 | D:4      | Reached XP level 7. HP: 67/67 MP: 6/6
  2978 | D:4      | Found Veiqus's Weapon Shop.
  3047 | D:5      | Entered Level 5 of the Dungeon
  3092 | D:5      | Noticed a moth of wrath
  3094 | D:5      | Found a bloodstained altar of Trog.
  3506 | D:5      | Noticed a hungry ghost
  3518 | D:5      | Killed a hungry ghost
  3518 | D:5      | Reached skill level 7 in Unarmed Combat
  3570 | D:5      | Reached XP level 8. HP: 70/75 MP: 7/7
  3811 | D:5      | You fall through a shaft!
  3816 | D:6      | Noticed Grinder
  3819 | D:6      | Killed Grinder
  3825 | D:6      | Found an iron altar of Okawaru.
  3832 | D:6      | Reached skill level 8 in Unarmed Combat
  3919 | D:6      | Found a sacrificial altar of Ru.
  3919 | D:6      | Found a hazy altar of Hepliaklqana.
  3919 | D:6      | Found a shadowy altar of Dithmenos.
  3920 | D:6      | Noticed Blork the orc
  3920 | D:6      | Found a radiant altar of Vehumet.
  3957 | D:6      | Found a glowing golden altar of the Shining One.
  3970 | D:6      | Killed Blork the orc
  4022 | D:6      | Reached skill level 9 in Unarmed Combat
  4204 | D:6      | Reached XP level 9. HP: 27/84 MP: 8/8
  4334 | D:6      | Found a runed door.
  4338 | D:6      | Noticed Crazy Yiuf
  4340 | D:6      | Killed Crazy Yiuf
  4454 | D:6      | Noticed Libelnon's ghost (novice GrFE)
  4457 | D:6      | Found a glowing drain.
  4466 | D:6      | Killed Libelnon's ghost
  4466 | D:6      | Reached skill level 5 in Dodging
  4489 | Sewer    | Entered a sewer
  4989 | D:7      | Reached skill level 10 in Unarmed Combat
  5145 | D:7      | Noticed Joseph
  5156 | D:7      | Killed Joseph
  5509 | D:7      | Noticed Cheet4h's ghost (novice DrBe)
  5534 | D:7      | Killed Cheet4h's ghost
  5534 | D:7      | Reached skill level 11 in Unarmed Combat
  5537 | D:7      | Paralysed by a hornet for 1 turns
  5541 | D:6      | HP: 3/84 [poisoned by a hornet]
  5542 | D:6      | HP: 1/84 [poisoned by a hornet]
  5542 | D:6      | Mangled by a hornet

Vault maps used:
D:1:      wheals_arrival_linesprint
D:2:      uniq_sigmund
D:3:      nemelex_xobeh_ov_fountains_minmay, dancing_weapons_uskayaw,
          overflow_temple_1_default, chequers_ecumenical_altar_lobes,
          yredelemnul_altar_generic
D:4:      elyvilon_altar_4, first_ration, serial_shops, kennysheep_mini_moat,
          uniq_robin
D:5:      tgw_trog, kennysheep_generic_room_16
D:6:      okawaru_gym_becter, grunt_temple_overflow_open,
          cheibrodos_sewer_entry_bend, uniq_blork_the_orc,
          uniq_crazy_yiuf_cottage, uniq_grinder
D:7:      minmay_temple_entry_nine_rooms, uniq_joseph
Sewer:    sewer_fruit_machine

Skill      XL: |  1  2  3  4  5  6  7  8  9 |
---------------+----------------------------+-----
Fighting       | 3 4 |  4.2
Dodging        | 3 4 5 |  5.6
Unarmed Combat | 4 5 6 7 9 11 | 11.0
Stealth        | 2 3 |  3.2

Action                   |  1- 3 |  4- 6 |  7- 9 || total
-------------------------+-------+-------+-------++-------
Melee: Unarmed           |    88 |   137 |   289 ||   514
       Punch             |     1 |     3 |     6 ||    10
  Use: Scroll            |       |     1 |     3 ||     4
       Potion            |       |       |     1 ||     1
 Stab: Sleeping          |     2 |     3 |     2 ||     7
  Eat: Chunk             |    15 |    17 |    33 ||    65
Armor: Robe              |    27 |    42 |    87 ||   156
       Skin              |    10 |       |       ||    10
Dodge: Dodged            |    59 |    76 |   175 ||   310

Table legend:
 A = Spawn XP
 B = Non-spawn XP
 C = Spawn XP percentage of total XP
 D = Spawn monster count
 E = Non-spawn monster count
 F = Spawn count percentage of total count
 G = Total turns spent on level
                    A         B        C        D         E        F      G
               +---------+---------+-------+---------+---------+-------+---------
         Total |       0 |    4934 |   0.0 |       0 |     186 |   0.0 |  5542
               +---------+---------+-------+---------+---------+-------+---------
           D:1 |       0 |      41 |   0.0 |       0 |      24 |   0.0 |   716
           D:2 |       0 |     301 |   0.0 |       0 |      23 |   0.0 |   815
           D:3 |       0 |      78 |   0.0 |       0 |      31 |   0.0 |   764
           D:4 |       0 |     447 |   0.0 |       0 |      21 |   0.0 |   773
           D:5 |       0 |     647 |   0.0 |       0 |      18 |   0.0 |   743
           D:6 |       0 |    1674 |   0.0 |       0 |      29 |   0.0 |   758
           D:7 |       0 |    1706 |   0.0 |       0 |      22 |   0.0 |   647
         Sewer |       0 |      40 |   0.0 |       0 |      18 |   0.0 |   326
               +---------+---------+-------+---------+---------+-------+---------
